 Dungeon Crawl Stone Soup version 0.21.1-1-g345015f (webtiles) character file.

2 Monsterracer the Skirmisher (level 1, -3/18 HPs)
             Began as a Demonspawn Monk on Apr 14, 2018.
             Slain by a leopard gecko (4 damage)
             ... on level 1 of the Dungeon.
             The game lasted 00:00:14 (113 turns).

Monsterracer the Skirmisher (Demonspawn Monk)        Turns: 113, Time: 00:00:14

Health: -3/18      AC:  2    Str: 11    XL:     1   Next: 33%
Magic:  1/1        EV: 13    Int: 11    God:
Gold:   0          SH:  0    Dex: 15    Spells: 0/0 levels left

rFire    . . .     SeeInvis .   a - +0 hand axe
rCold    . . .     Gourm    .   (no shield)
rNeg     . . .     Faith    .   b - +0 robe
rPois    .         Spirit   .   (no helmet)
rElec    .         Reflect  .   (no cloak)
rCorr    .         Harm     .   (no gloves)
MR       .....                  (no boots)
Stlth    ++........             (no amulet)
HPRegen  0.06/turn              (no ring)
MPRegen  0.07/turn              (no ring)

@: no status effects
A: no striking features
a: no special abilities


You were on level 1 of the Dungeon.
You were not hungry.

You visited 1 branch of the dungeon, and saw 1 of its levels.

Inventory:

Hand Weapons
 a - a +0 hand axe (weapon)
Armour
 b - a +0 robe (worn)
Scrolls
 d - a scroll of identify {unknown}
 e - a scroll of noise {unknown}
Comestibles
 c - a ration


   Skills:
 - Level 3.0 Fighting
 + Level 2.9 Axes
 - Level 2.6 Dodging
 - Level 1.7 Stealth


You couldn't memorise any spells.
You didn't know any spells.

Dungeon Overview and Level Annotations

Branches:
Dungeon (1/15)

Altars:


Message History

Welcome, Monsterracer the Demonspawn Monk.
Will you prevail where others failed? Will you find the Orb of Zot?
Press ? for a list of commands and other information.
Found an escape hatch in the floor.
Found a staircase leading out of the dungeon.
You open the door.
There is an open door here.
A hobgoblin comes into view.
The hobgoblin shouts!
A hobgoblin is nearby!
A hobgoblin is nearby!
Found a scroll labeled TUGULI DOATS.
You hit the hobgoblin.
The hobgoblin is heavily wounded.
The hobgoblin hits you.
You take 3 damage, and have 15/18 hp.
You hit the hobgoblin but do no damage.
The hobgoblin is moderately wounded.
The hobgoblin hits you.
You take 2 damage, and have 13/18 hp.
You are too injured to fight recklessly!
You are too injured to fight recklessly!
You are too injured to fight recklessly!
You hit the hobgoblin but do no damage.
The hobgoblin is moderately wounded.
The hobgoblin barely misses you.
You hit the hobgoblin.
You kill the hobgoblin!
HP restored.
d - a scroll labeled TUGULI DOATS Health restored: 18
e - a scroll labeled WEIPY RE PUO You open the large door.
Found a stone staircase leading down.
There is a large open door here.
A hobgoblin comes into view. It is wielding a club.
A hobgoblin is nearby!
The hobgoblin shouts!
A leopard gecko comes into view.
You hit the hobgoblin.
The hobgoblin is heavily wounded.
The hobgoblin hits you with a club.
You take 2 damage, and have 16/18 hp.
You hit the hobgoblin.
You kill the hobgoblin!
The leopard gecko misses you.
You hit the leopard gecko but do no damage.
The leopard gecko misses you.
You barely miss the leopard gecko. The leopard gecko bites you.
You take 2 damage, and have 14/18 hp.
You closely miss the leopard gecko. The leopard gecko bites you. x2
* * * LOW HITPOINT WARNING * * *
You take 6 damage, and have 8/18 hp.
MASSIVE DAMAGE!!
You closely miss the leopard gecko.
The leopard gecko bites you but does no damage.
You closely miss the leopard gecko. The leopard gecko closely misses you.
The leopard gecko misses you.
You closely miss the leopard gecko. The leopard gecko bites you.
* * * LOW HITPOINT WARNING * * *
You take 3 damage, and have 5/18 hp.
You hit the leopard gecko.
The leopard gecko is severely wounded.
The leopard gecko closely misses you.
You miss the leopard gecko.
The leopard gecko is severely wounded.
The leopard gecko closely misses you.
You closely miss the leopard gecko.
The leopard gecko is severely wounded.
The leopard gecko misses you. The leopard gecko bites you.
* * * LOW HITPOINT WARNING * * *
You take 3 damage, and have 2/18 hp.
You completely miss the leopard gecko.
The leopard gecko is severely wounded.
The leopard gecko closely misses you.
You miss the leopard gecko.
The leopard gecko is severely wounded.
The leopard gecko bites you.
* * * LOW HITPOINT WARNING * * *
The leopard gecko bites you.
You die...

#.# ...#.# ##
....###### ..
.#.$..... #. ...... ..
#...# #####+####
#.#>##...####.........
#...l@...##.........⌠.
###.###..#......#+#...
# #..'.....##>##..
#..'.....##<##..
#..#..⌠...#'#...
#..##...⌠.......
#.!####......... ...#
#####+#### .#...


You could see a leopard gecko.

Vanquished Creatures
  2 hobgoblins (D:1)
2 creatures vanquished.

Notes
Turn   | Place    | Note
-------+----------+-------------------------------------------
     0 | D:1      | Monsterracer the Demonspawn Monk began the quest for the Orb.
     0 | D:1      | Reached XP level 1. HP: 18/18 MP: 1/1
   105 | D:1      | HP: 8/18 [leopard gecko (2)]
   111 | D:1      | HP: 2/18 [leopard gecko (3)]
   113 | D:1      | Slain by a leopard gecko

Action                   || total
-------------------------++-------
Melee: Hand axe          ||    17
Armor: Robe              ||     1
Dodge: Dodged            ||     9

Vault maps used:
D:1:      dpeg_arrival_refuge
